 Dungeon Crawl Stone Soup version 0.24-a0-368-g0e0cebd0f3 (console) character file.

Game seed: 2574535715828536380

25489 Lexodia the Grappler (level 12, 0/107 HPs)
             Began as a Troll Monk on May 29, 2019.
             Was the Champion of Okawaru.
             Slain by an ice devil (12 damage)
             ... in an ice cave.
             The game lasted 00:39:19 (12301 turns).

Lexodia the Grappler (Troll Monk)                  Turns: 12301, Time: 00:39:20

Health: 0/107      AC: 16    Str: 23    XL:     12   Next: 89%
Magic:  0/14       EV: 10    Int:  6    God:    Okawaru [******]
Gold:   639        SH: 19    Dex: 15    Spells: 15/15 levels left

rFire    . . .     SeeInvis .     - Unarmed
rCold    + . .     Gourm    +   a - +2 large shield {AC+3}
rNeg     . . .     Faith    .   r - +2 robe {rC+}
rPois    +         Spirit   +   c - +2 hat
rElec    .         Reflect  .   y - scarf {Spirit}
rCorr    .         Harm     +   (gloves unavailable)
MR       .....                  (boots unavailable)
Stlth    ++........             d - amulet of harm
HPRegen  0.67/turn              w - +3 ring of protection
MPRegen  0.14/turn              q - ring of flight

@: studying Translocations
A: large, unfitting armour, beak, claws 3, horns 1, fast metabolism 3, gourmand,
poison resistance, regeneration 1, shaggy fur 1, tough skin 3, MP-powered wands
a: Heroism, Finesse, Renounce Religion, Evoke Flight


You were in an ice cave.
You worshipped Okawaru.
Okawaru was exalted by your worship.
You were not hungry.

You visited 2 branches of the dungeon, and saw 14 of its levels.
You also visited: Ice Cave.

You collected 1016 gold pieces.
You spent 377 gold pieces at shops.

Inventory:

Missiles
 e - 345 stones
 p - 34 poisoned darts
 u - 34 boomerangs
 z - 10 silver javelins
 A - a throwing net (quivered)
 S - 14 large rocks
Armour
 a - a +2 large shield of protection (worn)
 c - a +2 hat (worn)
 r - a +2 robe of cold resistance (worn)
 y - a scarf of spirit shield (worn)
 L - a +0 cloak
 P - +0 acid dragon scales
 T - +0 storm dragon scales
 Z - the +0 hat "Rotetu" {Stlth+}
   (Okawaru gifted it to you in an ice cave)

   It makes you more stealthy.
Jewellery
 d - an amulet of harm (around neck)
 h - an uncursed amulet of guardian spirit
 l - an uncursed ring of positive energy
 n - a +3 ring of strength
 q - a ring of flight (right claw)
 w - a +3 ring of protection (left claw)
 B - an uncursed amulet of the gourmand {unknown}
 D - an uncursed amulet of rage
 H - an uncursed ring of protection from magic
 M - an uncursed ring of resist corrosion
Wands
 f - a wand of random effects (24)
 m - a wand of paralysis (15)
 t - a wand of acid (2)
 C - a wand of polymorph (7)
 F - a wand of disintegration (25)
 R - a wand of iceblast (1)
Scrolls
 g - 7 scrolls of remove curse
 i - 8 scrolls of teleportation
 k - 7 scrolls of identify
 v - 3 scrolls of magic mapping
 x - a scroll of fog
 K - a scroll of blinking
 U - a scroll of enchant weapon
Potions
 o - 4 potions of brilliance
 E - a potion of resistance
 G - 3 potions of curing
 J - a potion of flight
 O - a potion of might
 V - a potion of cancellation {unknown}
 W - a potion of ambrosia {unknown}
 X - a potion of magic {unknown}
 Y - 2 potions of haste
Books
 I - a manual of Translocations
Miscellaneous
 j - a sack of spiders
 s - a phantom mirror
 N - a phial of floods
Comestibles
 b - 44 rations


   Skills:
 - Level 4.0 Fighting
 - Level 8.0 Throwing
 * Level 4.6 Armour
 - Level 4.0 Dodging
 - Level 1.0 Stealth
 * Level 9.0 Shields
 + Level 10.6 Unarmed Combat
 - Level 2.0 Spellcasting
 + Level 8.2 Translocations
 - Level 4.0 Invocations
 + Level 4.8 Evocations


You had 15 spell levels left.
You didn't know any spells.
Your spell library contained the following spells:

 Spells                   Type           Power        Failure   Level  Hunger
 Beastly Appendage        Tmut           #.....       82%         1    ##.....
 Freeze                   Ice            #...         82%         1    ##.....
 Magic Dart               Conj           #...         82%         1    ##.....
 Searing Ray              Conj           #.....       91%         2    ###....
 Sticks to Snakes         Tmut           #.......     91%         2    ###....
 Throw Frost              Conj/Ice       #.....       91%         2    ###....
 Force Lance              Conj/Tloc      #.......     95%         4    #####..
 Dazzling Spray           Conj/Hex       #.....       99%         3    ####...
 Ozocubu's Armour         Chrm/Ice       #.......     99%         3    ####...
 Spider Form              Tmut/Pois      #.........   99%         3    ####...
 Fulminant Prism          Conj/Hex       #.........   100%        4    #####..
 Ice Form                 Ice/Tmut       #.......     100%        4    #####..
 Iskenderun's Mystic Bla  Conj           #.......     100%        4    #####..
 Summon Ice Beast         Ice/Summ       #.......     100%        4    #####..
 Throw Icicle             Conj/Ice       #.......     100%        4    #####..
 Blade Hands              Tmut           #.........   100%        5    ######.


Dungeon Overview and Level Annotations

Branches:
Dungeon (12/15)            Temple (0/1) D:7            Lair (2/6) D:10
    Orc (0/2) D:10
  Swamp: Lair:2-4    Shoals: Lair:2-4     Snake: Lair:2-4    Spider: Lair:2-4

Altars:
Dithmenos
Hepliaklqana
Makhleb
Okawaru
Ru
Trog
Vehumet
Wu Jian
Beogh

Shops:
D:6 }   D:12 ?

Annotations:
D:12 3 runed translucent doors, Feepp's ghost, journeyman DsCK; Imusu's ghost, journeyman MiMo


Innate Abilities, Weirdness & Mutations

You are too large for most types of armour.
You have claws for hands.
Your metabolism is lightning-fast.
You like to eat raw meat.
Your natural rate of healing is unusually fast.
You are covered in fur. (AC +1)
You have extremely tough skin. (AC +3)
You have a beak for a mouth.
You have a pair of small horns on your head.
Your system is resistant to poisons. (rPois)
You expend magic power (3 MP) to strengthen your wands.


Message History

You scratch the ice devil.
You kill the ice devil!
Okawaru accepts your kill.
You scratch the ice devil.
You peck the ice devil, but do no damage.
The ice devil is lightly wounded.
The ice devil struggles against the net.
The net rips apart, and the ice devil comes free!
Your shield prevents you from hitting the ice devil.
The ice devil is lightly wounded.
The ice devil closely misses you.
Throwing (i - inventory. (/) - cycle)
A - 2 throwing nets (quivered)
Press: ? - help, Shift-Dir - straight line, f/p - ice devil
Aim: an ice devil You throw a throwing net.
The throwing net closely misses the ice devil.
The ice devil hits you!
* * * LOW HITPOINT WARNING * * *
The ice devil freezes you! You resist.
You die...

# )( ## ..§ ##.
###.## #.. ###.....
## #..
###.°....##.## ##.
#....☼#...... ##
.#.....#.... ##
.....###.@#).###§§☼
#§
4........4.#...§☼§§.
#.
......##(.....##.°.§
##
.......##......### .
# #....4..#.(......#
#.....§####..##.○§§
# #...§4○°..##.°§☼#
# ##☼§§°§°.....###
#### ##§○§..☼.####
###.#.


You could see an ice devil.

Vanquished Creatures
  A reaper (IceCv)
  Fannar (Lair:1)
  A hydra (D:11)
  Erica (D:10)
  3 death yaks (D:10)
  3 two-headed ogres
  The ghost of Execuda the Skirmisher, a novice OgBe of Trog (D:7)
  The ghost of ssgaztpd the Ruffian, a novice TrBe of Trog (D:6)
  3 unseen horrors
  Pikel (D:8)
  An ugly thing (D:11)
  2 cyclopes
  2 black mambas
  2 ice statues (IceCv)
  Maurice (D:8)
  3 komodo dragons
  9 ice devils
  3 trolls
  Prince Ribbit (D:7)
  A hornet (D:12)
  3 hippogriffs
  Sigmund (D:3)
  A shadow (D:12)
  A wyvern (D:11)
  A hungry ghost (D:11)
  3 vampire mosquitoes (D:12)
  A warg (D:7)
  An acid dragon (D:11)
  2 water moccasins
  Duvessa (D:7)
  2 porcupines (D:10)
  2 ice beasts
  13 orc warriors
  3 slaves (D:8)
  3 black bears
  4 sky beasts
  A phantom (D:12)
  7 ogres
  8 centaurs
  3 crocodiles
  A big kobold (D:9)
  6 bullfrogs
  Dowan (D:7)
  A wyvern zombie (D:10)
  2 gnoll sergeants (D:6)
  A wyvern skeleton (D:9)
  3 scorpions
  9 killer bees
  4 howler monkeys
  2 electric eels (D:11)
  3 crimson imps
  5 jellies
  3 bullfrog skeletons
  A centaur skeleton (D:10)
  9 orc priests
  2 hounds
  A gnoll shaman (D:6)
  9 iguanas
  22 orc wizards
  2 hell rats (D:10)
  9 worker ants
  2 hound skeletons
  A howler monkey zombie (D:8)
  10 adders
  17 gnolls
  5 shadow imps
  6 white imps (IceCv)
  6 ufetubi (IceCv)
  8 oozes
  2 adder skeletons
  2 dart slugs (D:1)
  3 leopard geckos
  81 orcs
  5 giant cockroaches
  4 goblins
  8 hobgoblins
  20 jackals
  7 quokkas
  A ball python (D:6)
  A ball python skeleton (D:4)
  8 bats
  7 frilled lizards
  10 kobolds
  8 rats
420 creatures vanquished.

Vanquished Creatures (collateral kills)
  3 killer bees (D:9)
3 creatures vanquished.

Vanquished Creatures (others)
  A slave (D:8)
  A white imp (IceCv)
  4 ufetubi (IceCv)
  A plant (D:6)
  A withered plant (D:12)
8 creatures vanquished.

Grand Total: 431 creatures vanquished

Notes
Turn   | Place    | Note
-------+----------+-------------------------------------------
     0 | D:1      | Lexodia the Troll Monk began the quest for the Orb.
     0 | D:1      | Reached XP level 1. HP: 22/22 MP: 0/0
   182 | D:1      | Reached XP level 2. HP: 29/29 MP: 1/1
   603 | D:2      | Reached XP level 3. HP: 36/36 MP: 2/2
   813 | D:2      | Reached skill level 1 in Throwing
  1050 | D:2      | Found an iron altar of Okawaru.
  1057 | D:2      | Found a hazy altar of Hepliaklqana.
  1064 | D:2      | Found a radiant altar of Vehumet.
  1076 | D:2      | Became a worshipper of Warmaster Okawaru
  1076 | D:2      | Reached * piety under Okawaru
  1076 | D:2      | Reached ** piety under Okawaru
  1092 | D:2      | Found an ornate altar of the Wu Jian Council.
  1097 | D:2      | Found a bloodstained altar of Trog.
  1104 | D:2      | Found a burning altar of Makhleb.
  1108 | D:2      | Found a sacrificial altar of Ru.
  1487 | D:3      | Reached XP level 4. HP: 44/44 MP: 3/3
  1503 | D:3      | Noticed Sigmund
  1522 | D:3      | Huge Dmg: 16 dmg
  1525 | D:3      | Huge Dmg: 5 dmg
  1525 | D:3      | Killed Sigmund
  1525 | D:3      | Reached skill level 1 in Armour
  1525 | D:3      | Reached skill level 1 in Invocations
  1525 | D:3      | Reached XP level 5. HP: 21/53 MP: 2/4
  1701 | D:3      | Reached skill level 4 in Unarmed Combat
  1704 | D:3      | Reached XP level 6. HP: 50/61 MP: 4/6
  1877 | D:3      | Gained mutation: You have large cloven feet. [potion of
                  | mutation]
  1877 | D:3      | Gained mutation: You are robust. (+10% HP) [potion of
                  | mutation]
  1877 | D:3      | Gained mutation: Your muscles are strong. (Str +2) [potion
                  | of mutation]
  2652 | D:4      | Reached *** piety under Okawaru
  2915 | D:4      | Reached XP level 7. HP: 61/73 MP: 7/7
  2930 | D:4      | Huge Dmg: 14 dmg
  3141 | D:4      | Lost mutation: You are robust. (+10% HP) [potion of
                  | mutation]
  3141 | D:4      | Lost mutation: You have large cloven feet. [potion of
                  | mutation]
  3141 | D:4      | Lost mutation: Your muscles are strong. (Str +2) [potion of
                  | mutation]
  3141 | D:4      | Gained mutation: You have supernaturally acute eyesight.
                  | (SInv) [potion of mutation]
  3141 | D:4      | Gained mutation: You have a beak for a mouth. [potion of
                  | mutation]
  3141 | D:4      | Lost mutation: You have supernaturally acute eyesight.
                  | (SInv) [potion of mutation]
  3141 | D:4      | Gained mutation: You have sharp toenails. [potion of
                  | mutation]
  3308 | D:4      | Found an iron altar of Okawaru.
  3636 | D:5      | Entered Level 5 of the Dungeon
  3639 | D:6      | Found Edwai's Gadget Boutique.
  3645 | D:6      | Reached skill level 5 in Unarmed Combat
  3750 | D:5      | Reached **** piety under Okawaru
  3750 | D:5      | Reached skill level 1 in Evocations
  3750 | D:5      | Reached XP level 8. HP: 70/78 MP: 9/9
  3845 | D:5      | You fall into a shaft and drop 2 floors!
  3998 | D:7      | Received a gift from Okawaru
  4079 | D:6      | Bought a wand of polymorph (7) for 117 gold pieces
  4164 | D:6      | Huge Dmg: 16 dmg
  4186 | D:6      | Reached skill level 6 in Unarmed Combat
  4263 | D:6      | Found a transporter.
  4408 | D:6      | Found a transporter.
  4486 | D:6      | Reached ***** piety under Okawaru
  4644 | D:7      | Found a shadowy altar of Dithmenos.
  4687 | D:5      | Huge Dmg: 20 dmg
  4691 | D:5      | Reached skill level 5 in Throwing
  5050 | D:6      | Reached XP level 9. HP: 83/84 MP: 11/11
  5064 | D:6      | Noticed ssgaztpd's ghost (novice TrBe)
  5083 | D:6      | Killed ssgaztpd's ghost
  5083 | D:6      | Reached skill level 1 in Shields
  5083 | D:6      | Reached skill level 7 in Unarmed Combat
  5125 | D:6      | Huge Dmg: 42 dmg
  5273 | D:7      | Noticed Prince Ribbit
  5282 | D:7      | Killed Prince Ribbit
  5282 | D:7      | Reached skill level 1 in Translocations
  5508 | D:7      | Noticed Dowan
  5508 | D:7      | Noticed Duvessa
  5525 | D:7      | Killed Duvessa
  5525 | D:7      | Reached skill level 1 in Spellcasting
  5528 | D:7      | Killed Dowan
  5643 | D:7      | Found a staircase to the Ecumenical Temple.
  5696 | D:7      | Found a runed translucent gate.
  5696 | D:7      | Noticed Execuda's ghost (novice OgBe)
  5697 | D:7      | Found a runed translucent gate.
  5697 | D:7      | Found a runed translucent gate.
  5698 | D:7      | Identified the +10 rapier "Qoferaf" {flame, rF+ rC- Int+7}
  5712 | D:7      | Killed Execuda's ghost
  5712 | D:7      | Received a gift from Okawaru
  5712 | D:7      | Reached skill level 8 in Unarmed Combat
  5712 | D:7      | Reached XP level 10. HP: 83/92 MP: 10/12
  5724 | D:7      | Found a roughly hewn altar of Beogh.
  6083 | D:8      | Huge Dmg: 23 dmg
  6087 | D:8      | Huge Dmg: 18 dmg
  6098 | D:8      | Huge Dmg: 25 dmg
  6100 | D:8      | Huge Dmg: 6 dmg
  6129 | D:8      | Huge Dmg: 15 dmg
  6497 | D:8      | Noticed Pikel
  6509 | D:8      | Killed Pikel
  6573 | D:8      | Huge Dmg: 23 dmg
  6574 | D:8      | Noticed Maurice
  6575 | D:8      | Huge Dmg: 29 dmg
  6579 | D:8      | Huge Dmg: 22 dmg
  6592 | D:8      | Huge Dmg: 8 dmg
  6614 | D:8      | Killed Maurice
  6621 | D:8      | Huge Dmg: 20 dmg
  6959 | D:8      | Noticed a two-headed ogre
  6963 | D:8      | Noticed a two-headed ogre
  6966 | D:8      | Killed a two-headed ogre
  6966 | D:8      | Reached skill level 5 in Shields
  6971 | D:8      | Huge Dmg: 24 dmg
  6971 | D:8      | Killed a two-headed ogre
  6971 | D:8      | Reached skill level 9 in Unarmed Combat
  6971 | D:8      | Reached skill level 5 in Translocations
  7131 | D:9      | Found a bloodstained altar of Trog.
  7235 | D:6      | Bought a sack of spiders for 260 gold pieces
  7304 | D:10     | Entered Level 10 of the Dungeon
  7318 | D:9      | Reached XP level 11. HP: 100/100 MP: 13/13
  8635 | D:10     | Found a roughly hewn altar of Beogh.
  8644 | D:10     | Received a gift from Okawaru
  8691 | D:10     | Huge Dmg: 35 dmg
  8801 | D:10     | Noticed a death yak
  8814 | D:10     | Killed a death yak
  8817 | D:10     | Found a staircase to the Lair.
  8820 | D:10     | Noticed a death yak
  8828 | D:10     | Received a gift from Okawaru
  8832 | D:10     | Noticed a death yak
  8841 | D:10     | Killed a death yak
  8849 | D:10     | Killed a death yak
  8967 | D:10     | Noticed Erica
  8979 | D:10     | Killed Erica
  9273 | D:10     | Found a staircase to the Orcish Mines.
  9498 | D:11     | Noticed a seven-headed hydra
  9505 | D:11     | Huge Dmg: 25 dmg
  9505 | D:11     | Killed a seven-headed hydra
  9505 | D:11     | Received a gift from Okawaru
  9555 | D:11     | Killed an unseen horror
  9619 | D:11     | Received a gift from Okawaru
  9681 | D:11     | Killed an unseen horror
  9681 | D:11     | Reached skill level 10 in Unarmed Combat
  9681 | D:11     | Reached XP level 12. HP: 101/107 MP: 11/14
  9829 | D:11     | Reached ****** piety under Okawaru
  9939 | D:11     | Huge Dmg: 34 dmg
 10469 | D:12     | Paralysed by a hornet for 3 turns
 10523 | D:12     | Identified a scroll of acquirement
 10524 | D:12     | Got a shimmering robe
 10535 | D:12     | Identified the +0 robe "Usollitu" {-Cast rN+ Slay+2} (You
                  | acquired it on level 12 of the Dungeon)
 10555 | D:12     | Lost mutation: You have sharp toenails. [potion of
                  | mutation]
 10555 | D:12     | Gained mutation: You expend magic power (3 MP) to
                  | strengthen your wands. [potion of mutation]
 10555 | D:12     | Gained mutation: Your system is resistant to poisons.
                  | (rPois) [potion of mutation]
 10555 | D:12     | Gained mutation: You have a pair of small horns on your
                  | head. [potion of mutation]
 10596 | D:12     | Noticed a two-headed ogre
 10598 | D:12     | Killed a two-headed ogre
 10697 | D:12     | Found Beixu's Magic Scroll Emporium.
 10947 | D:12     | Found a runed translucent gate.
 10948 | D:12     | Found a runed translucent gate.
 10956 | D:12     | Found a runed translucent gate.
 10957 | D:12     | Noticed Feepp's ghost (journeyman DsCK)
 10958 | D:12     | Noticed Imusu's ghost (journeyman MiMo)
 11052 | Lair:1   | Entered Level 1 of the Lair of Beasts
 11389 | Lair:1   | Noticed Fannar
 11405 | Lair:1   | Killed Fannar
 11838 | Lair:2   | Found a frozen archway.
 11848 | Lair:2   | Huge Dmg: 23 dmg
 11982 | IceCv    | Entered an ice cave
 12154 | IceCv    | Received a gift from Okawaru
 12157 | IceCv    | Huge Dmg: 54 dmg
 12158 | IceCv    | Got a pitted hat {god gift}
 12171 | IceCv    | Identified the +0 hat "Rotetu" {Stlth+} (Okawaru gifted it
                  | to you in an ice cave)
 12262 | IceCv    | Noticed a reaper
 12266 | IceCv    | Huge Dmg: 41 dmg
 12267 | IceCv    | Killed a reaper
 12280 | IceCv    | Huge Dmg: 15 dmg
 12281 | IceCv    | Huge Dmg: 19 dmg
 12286 | IceCv    | Huge Dmg: 13 dmg
 12293 | IceCv    | Huge Dmg: 10 dmg
 12301 | IceCv    | Slain by an ice devil

Levels and vault maps discovered:
D:1:      giann_wishing_wells, layout_basic
D:2:      layout_basic, grunt_temple_overflow_octagram
D:3:      layout_loops_corners, uniq_sigmund
D:4:      kennysheep_six_static_rooms, layout_basic, grunt_ministairs_13,
          okawaru_trees_2
D:5:      layout_cave_pools, first_ration
D:6:      layout_loops_ring, serial_shops, shop, gammafunk_ghost_gnarly_gnolls
D:7:      layout_basic, minmay_temple_entry_trees, biasface_ghost_orc_armoury,
          grunt_dithmenos_smoke, uniq_duvessa, uniq_prince_ribbit1
D:8:      minmay_opposing_rooms, layout_basic, hangedman_little_slice_of_home,
          uniq_pikel, uniq_maurice
D:9:      layout_layer_cave, trog_ov_bears_minmay
D:10:     layout_roguey [special_room_orc], dpeg_lair_monsters,
          hiddenorc1_lemuel, serial_curves, eino_curves_02, eino_curves_01,
          uniq_erica
D:11:     layout_rooms, water_maze_lemuel
D:12:     layout_loops_ring, serial_shops, shop, gammafunk_ghost_cemetery
Lair:1:   layout_regular_city, st_stairs_7, uniq_fannar
Lair:2:   layout_cave_pods, portal_ice_cave_demonic_guard,
          lightli_volcano_entry_magma_tube, grunt_megastairs_3
IceCv:    ice_cave_small_demon

Skill      XL: |  1  2  3  4  5  6  7  8  9 10 11 12 |
---------------+-------------------------------------+-----
Throwing       | 1 2 3 5 6 7 8 |  8.0
Fighting       | 3 4 |  4.0
Armour         | 1 4 |  4.6
Dodging        | 3 4 |  4.0
Invocations    | 1 2 3 4 |  4.0
Unarmed Combat | 4 5 6 8 9 10 | 10.6
Evocations     | 1 2 3 4 |  4.8
Shields        | 3 5 7 9 |  9.0
Translocations | 3 5 7 8 |  8.2
Spellcasting   | 1 2 |  2.0
Stealth        | |  1.0

Action                   |  1- 3 |  4- 6 |  7- 9 | 10-12 || total
-------------------------+-------+-------+-------+-------++-------
Melee: Unarmed           |   107 |    86 |   166 |   707 ||  1066
       Punch             |     2 |     1 |     4 |       ||     7
       Kick              |       |    13 |    52 |   194 ||   259
       Peck              |       |       |    19 |   143 ||   162
       Headbutt          |       |       |       |    39 ||    39
Throw: Dart              |       |     9 |    26 |    12 ||    47
       Stone             |       |     3 |       |       ||     3
       Boomerang         |       |       |       |    38 ||    38
       Javelin           |       |       |       |    13 ||    13
       Throwing net      |       |       |       |     4 ||     4
Invok: Heroism           |       |     1 |     5 |    16 ||    22
 Abil: Evoke Flight      |       |       |       |     2 ||     2
Evoke: Sack of spiders   |       |       |       |     3 ||     3
       Wand              |       |       |       |     3 ||     3
  Use: Potion            |       |     4 |     4 |     8 ||    16
       Scroll            |       |     5 |     7 |     9 ||    21
 Stab: Sleeping          |     4 |     2 |     5 |       ||    11
       Invisible         |       |       |     2 |       ||     2
       Distracted        |       |       |       |     2 ||     2
       Held in net/web   |       |       |       |     1 ||     1
  Eat: Chunk             |    15 |    17 |    26 |    58 ||   116
Armor: Robe              |    39 |    31 |    32 |   141 ||   243
       Skin              |       |       |     8 |       ||     8
       Storm dragon scal |       |       |       |   126 ||   126
Dodge: Dodged            |    64 |    53 |    60 |   157 ||   334
Block: Shield            |       |       |    20 |     3 ||    23
       Large shield      |       |       |       |   644 ||   644

Table legend:
 A = Non-vault XP
 B = Vault XP
 C = Vault XP percentage of total XP
 D = Non-vault monster count
 E = Vault monster count
 F = Vault count percentage of total count
                 A         B        C        D         E       F
            +---------+---------+-------+---------+---------+-------
      Total |   19249 |   17165 |  47.1 |     291 |     129 |  30.7
            +---------+---------+-------+---------+---------+-------
        D:1 |      36 |       0 |   0.0 |      18 |       0 |   0.0
        D:2 |      56 |       0 |   0.0 |      20 |       0 |   0.0
        D:3 |     155 |     220 |  58.7 |      23 |       1 |   4.2
        D:4 |     499 |     170 |  25.4 |      22 |       8 |  26.7
        D:5 |     477 |       0 |   0.0 |       8 |       0 |   0.0
        D:6 |     545 |    1001 |  64.7 |      16 |       8 |  33.3
        D:7 |    1019 |    1632 |  61.6 |      25 |      14 |  35.9
        D:8 |    1718 |    3314 |  65.9 |      47 |      19 |  28.8
        D:9 |    1960 |     257 |  11.6 |      43 |       2 |   4.4
       D:10 |     373 |    4750 |  92.7 |      10 |      51 |  83.6
       D:11 |    5727 |       0 |   0.0 |      33 |       0 |   0.0
       D:12 |    4631 |       0 |   0.0 |      16 |       0 |   0.0
     Lair:1 |    1480 |    1415 |  48.9 |       8 |       2 |  20.0
     Lair:2 |     573 |     676 |  54.1 |       2 |       2 |  50.0
      IceCv |       0 |    3730 | 100.0 |       0 |      22 | 100.0
            +---------+---------+-------+---------+---------+-------
